 Dungeon Crawl Stone Soup version 0.27.0-1-g7a089689b8 (webtiles) character file.

Game seed: 9210465315928138233

137 dmks the Magician (level 5, -2/35 HPs)
             Began as a Djinni Venom Mage on July 31, 2021.
             Slain by Purgy (3 damage)
             ... on level 3 of the Dungeon.
             The game lasted 00:12:23 (5649 turns).

dmks the Magician (Djinni Venom Mage)               Turns: 5649, Time: 00:12:24

Health: -2/35      AC:  2    Str:  7    XL:     5   Next: 44%
Gold:   97         EV: 12    Int: 17    God:
                   SH:  0    Dex: 14

rFire    + + .     SeeInvis .   j - +0 war axe (venom)
rCold    x . .     Faith    .   (no shield)
rNeg     . . .     Spirit   .   a - +0 robe
rPois    ∞         Reflect  .   (no helmet)
rElec    .         Harm     .   (no cloak)
rCorr    .         Rampage  .   (no gloves)
Will     .....                  (boots unavailable)
Stlth    ++........             (no amulet)
HPRegen  0.11/turn              (no ring)
MPRegen  0.00/turn              (no ring)

@: flying, very slightly contaminated
A: sickness immunity, fire resistance 2, cold vulnerability 1, float, innate
caster, hp casting, extra vitality 1
a: no special abilities


You were on level 3 of the Dungeon.
You visited 1 branch of the dungeon, and saw 3 of its levels.

You collected 97 gold pieces.

Inventory:

Hand Weapons
 j - a +0 war axe of venom (weapon)
Missiles
 i - a throwing net
Armour
 a - a +0 robe (worn)
 f - a +0 helmet
Scrolls
 b - 2 scrolls of identify {unknown}
 e - 2 scrolls of noise {unknown}
 g - a scroll of torment {unknown}
Potions
 c - 5 potions of curing {unknown}
 d - 2 potions of attraction {unknown}
 h - a potion of cancellation {unknown}


   Skills:
 + Level 2.5 Dodging
 - Level 1.8 Stealth
 * Level 4.2 Spellcasting


You couldn't memorise any spells.
You knew the following spells:

 Your Spells              Type           Power      Damage    Failure   Level
a - Sting                 Tmut/Pois      72%        1d6       2%          1
b - Poisonous Vapours     Pois/Air       36%        N/A       4%          2
c - Mephitic Cloud        Conj/Pois/Air  18%        N/A       8%          3
d - Olgreb's Toxic Radia  Pois           18%        N/A       26%         4
e - Corona                Hex            20%        N/A       2%          1
f - Static Discharge      Conj/Air       18%        N/A       4%          2
Your spell library was empty.

Dungeon Overview and Level Annotations

Branches:
Dungeon (3/15)

Altars:

Annotations:
D:3 Purgy


Innate Abilities, Weirdness & Mutations

You are immune to sickness and miasma.
You are immune to poison.
Your flesh is very heat resistant. (rF++)
You are vulnerable to cold. (rC-)
You float through the air rather than walking.
You learn spells naturally, not from books.
Your magical power is your life essence.
You have superior vitality. (+4 HP)


Message History

Casting: Poisonous Vapours (safe; 4% risk of failure)
Confirm with . or Enter, or press ? or * to list all spells.
Aiming: Poisonous Vapours (safe; 4% risk of failure)
Press: ? - help, Dir - move target, f/p - Purgy
Aim: Purgy (very poisoned) Poisonous vapours surround Purgy!
Purgy looks even sicker.
Purgy bites you. Purgy claws you. Purgy barely misses you.
Purgy looks around nervously.
Casting: Poisonous Vapours (safe; 4% risk of failure)
Confirm with . or Enter, or press ? or * to list all spells.
Aiming: Poisonous Vapours (safe; 4% risk of failure)
Press: ? - help, Dir - move target, f/p - Purgy
Aim: Purgy (lightly wounded, poisoned) Poisonous vapours surround Purgy!
Purgy looks even sicker.
Purgy hisses menacingly.
Purgy closely misses you. Purgy claws you. Purgy closely misses you.
Casting: Poisonous Vapours (safe; 4% risk of failure)
Confirm with . or Enter, or press ? or * to list all spells.
Aiming: Poisonous Vapours (safe; 4% risk of failure)
Press: ? - help, Dir - move target, f/p - Purgy
Aim: Purgy (moderately wounded, very poisoned) Poisonous vapours surround Purgy!
Purgy looks even sicker.
Purgy bites you!
* * * LOW HITPOINT WARNING * * *
Purgy claws you.
* * * LOW HITPOINT WARNING * * *
Purgy claws you.
* * * LOW HITPOINT WARNING * * *
Unknown command.
Casting: Poisonous Vapours (safe; 4% risk of failure)
Confirm with . or Enter, or press ? or * to list all spells.
Aiming: Mephitic Cloud (dangerous; 8% risk of failure)
Press: ? - help, Shift-Dir - straight line, f/p - Purgy
Aim: Purgy (moderately wounded, very poisoned, chance to affect: 77%)
You miscast Mephitic Cloud.
You are very lightly contaminated with residual magic.
Nothing appears to happen.
* * * LOW HITPOINT WARNING * * *
Purgy bites you but does no damage. Purgy claws you.
You die...

######## #......# # ###
#.###.## ## .. #. #<#
#####.# .# ..
...#.#######.#####...#.#
.# .#
#..............>#.#.#.#
.# ##
####...####@###.#...#.#
.# .# ###..#
#.T.........# .. .#
#.##.# #####.####### ##
.# #..'.# #......). .#
#.##.# ######### .#
###..# )# #+##...##
.#####....#.#
.......#....#


You could see Purgy (very poisoned).

Vanquished Creatures
  3 gnolls (D:3)
  4 adders
  3 worms
  3 dart slugs (D:1)
  7 endoplasms
  2 giant cockroaches (D:3)
  4 goblins
  8 hobgoblins
  3 quokkas (D:2)
  4 ball pythons
  2 bats
  4 frilled lizards
  3 kobolds (D:2)
  11 rats
  A spectral goblin (D:1)
62 creatures vanquished.

Notes
Turn   | Place    | Note
-------+----------+-------------------------------------------
     0 | D:1      | dmks the Djinni Venom Mage began the quest for the Orb.
     0 | D:1      | Reached XP level 1. HP: 15/15 MP: 0/0
   282 | D:1      | Reached XP level 2. HP: 19/21 MP: 0/0
  1200 | D:1      | Found a faded altar of an unknown god.
  1213 | D:1      | Reached skill level 3 in Spellcasting
  1213 | D:1      | Reached XP level 3. HP: 15/25 MP: 0/0
  1213 | D:1      | Learned a level 1 spell: Corona
  2343 | D:2      | Reached XP level 4. HP: 3/31 MP: 0/0
  4362 | D:3      | Reached XP level 5. HP: 27/35 MP: 0/0
  4362 | D:3      | Learned a level 2 spell: Static Discharge
  4784 | D:3      | Reached skill level 4 in Spellcasting
  5626 | D:3      | Noticed Purgy
  5649 | D:3      | Slain by Purgy

Illustrated notes

Levels and vault maps discovered:
D:1:      evilmike_arrival_home_sweet_home, layout_loops_ring,
          dreamdust_ecumenical_altar_drowned_temple, minmay_door_square
D:2:      layout_basic, minmay_distorted
D:3:      layout_basic, hangedman_decor_growths, minmay_divided_ellipse,
          uniq_purgy, uniq_natasha

Skill      XL: |  1  2  3  4  5 |
---------------+----------------+-----
Spellcasting   | 3 4 |  4.2
Dodging        | |  2.5
Stealth        | |  1.8

Action                   |  1- 3 |  4- 6 || total
-------------------------+-------+-------++-------
Melee: Unarmed           |     8 |     1 ||     9
       War axe           |       |     1 ||     1
 Cast: Sting             |    20 |    11 ||    31
       Poisonous Vapours |    50 |    83 ||   133
       Corona            |     3 |     5 ||     8
       Mephitic Cloud    |       |     1 ||     1
       Olgreb's Toxic Ra |       |     1 ||     1
       Static Discharge  |       |     1 ||     1
Armor: Robe              |     6 |     4 ||    10
Dodge: Dodged            |    16 |    21 ||    37
